cohdb
Replays
Latest Replays
All Replays
Popular Replays
Top Player Replays
Match Explorer
How It Works
Community
CoH3 Stats
Reddit
Sign in to upload your games and track your stats! →
Sign in with Steam
battlefield salvaged for the win
Match 45884000
Overview
Messages
Build Orders
End
Scout Squad
Scout Squad
Construct Weapon Support Center
Selects Armored Battlegroup
Selects Veteran Crews
M1919 Machine Gun Team
Bazooka Squad
Infantry Support Center
M3 Armored Personnel Carrier
M3 Armored Personnel Carrier
M1919 Machine Gun Team
Engineer Squad
Selects Fast Deploy
Construct Medical Station
Bazooka Squad
Bazooka Squad
Improved M9 Bazooka Rockets
Selects Seek and Destroy
Construct Motor Pool
M24 Chaffee Light Tank
Selects Field Repairs
M24 Chaffee Light Tank
Selects War Machine
M24 Chaffee Light Tank
M1919 Machine Gun Team
Bazooka Squad
Field Repairs
M24 Chaffee Light Tank
M1919 Machine Gun Team
Bazooka Squad
Advanced Logistics
M24 Chaffee Light Tank
M1919 Machine Gun Team
小芙丽娅
oziligath
0
0
Comments
sign in to comment!
No comments posted yet!